AoeStats
← Lobo Gélido

Arabia

508926199Analyzed
1v1 RM · 7d ago on Sep 24, 2026· 49m 54s· 2 players
Game mode
Random Map
Map size
Tiny (2 player)
Population
200
Speed
Normal
Resources
Standard
Victory
Conquest
Starting age
Dark Age
Ending age
Imperial Age
RankedLock teamsTeams togetherTeam positionsShared explorationLock speedFull tech treeHidden civsTurbo modeCheats
Victory
Defeat
🇵🇪 Aztecs · Peru
1034
+14
🇨🇦 Saxons · Canada
997
-14
Lobo Gélido
5:33 Loom
11:31 Feudal Age
16:46 Castle Age
14:53 Double-Bit Axe
15:55 Stone Mining
15:54 Horse Collar
24:53 Gold Mining
26:47 Scale Mail Armor
27:57 Forging
29:16 Chain Mail Armor
29:16 Squires
31:01 Iron Casting
31:41 Wheelbarrow
31:04 Arson
32:07 Devotion
36:49 Imperial Age
34:44 Atonement
35:29 Gold Shaft Mining
35:57 Heavy Plow
36:23 Bow Saw
37:57 Garland Wars
39:09 Plate Mail Armor
38:07 Elite Jaguar Warrior
38:49 Eagle Warrior
40:32 Blast Furnace
40:38 Crop Rotation
41:36 Conscription
41:40 Elite Eagle Warrior
43:45 Hand Cart
Psilo
8:19 Loom
10:10 Feudal Age
12:11 Double-Bit Axe
12:19 Horse Collar
13:26 Man-at-Arms
17:34 Castle Age
15:06 Man-at-Arms
16:40 Gold Mining
16:44 Stone Mining
18:22 Gambesons
20:32 Long Swordsman
21:15 Squires
21:03 Gambesons
21:24 Scale Mail Armor
24:04 Sanctity
24:55 Bow Saw
24:39 Gambesons
24:58 Scale Mail Armor
26:33 Redemption
26:44 Atonement
27:28 Chain Mail Armor
27:26 Forging
27:44 Fletching
28:18 Heavy Plow
29:43 Squires
30:34 Masonry
31:13 Redemption
32:01 Crossbowman
32:46 Thumb Ring
32:42 Bodkin Arrow
32:48 Padded Archer Armor
34:13 Wheelbarrow
33:27 Town Watch
36:43 Imperial Age
34:19 Guard Tower
36:27 Fortified Wall
36:40 Ballistics
37:18 Arbalester
38:02 Bracer
38:34 Plate Mail Armor
39:36 Conscription
39:37 Two-Handed Swordsman
40:56 Iron Casting
40:21 Padded Archer Armor
39:50 Shield Wall
41:22 Wheelbarrow
40:48 Town Patrol
40:10 Elite Hearth Troop
40:46 Elite Skirmisher
41:02 Champion
41:07 Pikeman
41:45 Clerical Recruitment
43:43 Leather Archer Armor
43:34 Scale Barding Armor
44:14 Hoardings
43:42 Halberdier
48:14 Chemistry
47:53 Keep
47:04 Arrowslits
Connection lost

Rejoining the realm…

Still unreachable

The connection could not be restored.

Session expired

The server has moved on; the page needs a fresh start.